[Event "*** Qualifier 2: Titled Tuesday 3|2 Blitz"]
[Site "Chess.com"]
[Date "2017.04.11"]
[Round "2"]
[White "ftorodent"]
[Black "Hikaru"]
[Result "0-1"]
[WhiteElo "2490"]
[BlackElo "2911"]
[TimeControl "180+2"]
[EndTime "13:18:55 PDT"]
[Termination "Hikaru won by resignation"]

1. d4 Nf6 2. c4 e6 3. Nf3 d5 4. Nc3 Be7 5. Bf4 O-O 6. e3 c5 7. dxc5 Bxc5 8. a3 Nc6 9. Qc2 Qa5 10.
Rd1 Re8 11. Bg5 Ne4 12. cxd5 exd5 13. Bd3 Bg4 14. Bf4 Bxf3 15. gxf3 Nd4 16. exd4 Nxc3+ 17.
Kf1 Nxd1 18. dxc5 Re1+ 19. Kg2 Rxh1 20. Kxh1 Qe1+ 21. Kg2 h6 22. Bg3 Re8 23. Bb5 Re6 24. Bd7 Re2 25. Qf5 Ne3+ 0-1

[Event "*** Qualifier 2: Titled Tuesday 3|2 Blitz"]
[Site "Chess.com"]
[Date "2017.04.11"]
[Round "2"]
[White "Robin-Side"]
[Black "jefferyx"]
[Result "0-1"]
[WhiteElo "2398"]
[BlackElo "2605"]
[TimeControl "180+2"]
[EndTime "13:18:59 PDT"]
[Termination "jefferyx won by resignation"]

1. e4 c5 2. Nf3 d6 3. d4 Nf6 4. Nc3 cxd4 5. Nxd4 a6 6. Be2 e5 7. Nb3 Be7 8. Be3 Be6 9. O-O O-O 10.
Kh1 Nbd7 11. f4 exf4 12. Rxf4 Ne5 13. Nd4 g6 14. Nxe6 fxe6 15. Qf1 Rc8 16. Rd1 Nfd7 17.
Rxf8+ Qxf8 18. Qxf8+ Bxf8 19. Bf4 Kf7 20. h4 h6 21. Rf1 Ke7 22. h5 g5 23. Bc1 Bg7 24. Kh2 Nc6 25. Bd2 Nd4 26. Bd3 Ne5 27. Kg3 b5 28. a3 Nc4 29. Bc1 Be5+ 30. Kh3 Bg7 31. Rf2 Ne5 32. Nd1 Nxd3 33. cxd3 Rxc1 34. Nc3 0-1

[Event "*** Qualifier 2: Titled Tuesday 3|2 Blitz"]
[Site "Chess.com"]
[Date "2017.04.11"]
[Round "2"]
[White "korason34"]
[Black "sorito"]
[Result "0-1"]
[WhiteElo "2360"]
[BlackElo "2306"]
[TimeControl "180+2"]
[EndTime "13:19:01 PDT"]
[Termination "sorito won by checkmate"]

1. e4 c6 2. d4 d6 3. c4 e5 4. Nf3 Bg4 5. Be3 Nd7 6. Nc3 Ngf6 7. Be2 Be7 8. O-O O-O 9. Qc2 Re8 10.
Rfe1 a6 11. b4 Bxf3 12. Bxf3 exd4 13. Bxd4 c5 14. bxc5 dxc5 15. Be3 Ne5 16. Be2 Nc6 17. Rad1 Nd4 18. Bxd4 cxd4 19. e5 Bb4 20. exf6 Bxc3 21.
Rf1 Qxf6 22. Bd3 g6 23. Rb1 b6 24. h3 Re6 25. Be4 Rae8 26. f3 Qf4 27. Qd3 a5 28. a3 Kh8 29. Rb5 f5 30. Bd5 Re3 31. Qd1 d3 32. c5 Bd4 33. Kh1 Be5 34. g4 Qh2# 0-1

[Event "*** Qualifier 2: Titled Tuesday 3|2 Blitz"]
[Site "Chess.com"]
[Date "2017.04.11"]
[Round "2"]
[White "brauliocuarta"]
[Black "justantan"]
[Result "0-1"]
[WhiteElo "2034"]
[BlackElo "2204"]
[TimeControl "180+2"]
[EndTime "13:19:04 PDT"]
[Termination "justantan won by resignation"]

1. d4 Nf6 2. c4 e6 3. Nc3 Bb4 4. e3 O-O 5. Ne2 Re8 6. a3 Bf8 7.
e4 d5 8. e5 Nfd7 9. cxd5 exd5 10. Nxd5 c5 11. f4 Nc6 12. g3 cxd4 13. Nxd4 Ndxe5 14. Nxc6 Nd3+ 15. Kd2 Qxd5 16. Bxd3 Bf5 17. Ne5 Rxe5 18.
fxe5 Qxd3+ 19. Ke1 Qe4+ 0-1

[Event "*** Qualifier 2: Titled Tuesday 3|2 Blitz"]
[Site "Chess.com"]
[Date "2017.04.11"]
[Round "2"]
[White "djogrodek1"]
[Black "pedroholly22"]
[Result "0-1"]
[WhiteElo "2375"]
[BlackElo "2286"]
[TimeControl "180+2"]
[EndTime "13:19:07 PDT"]
[Termination "pedroholly22 won by resignation"]

1. e4 c5 2. Nf3 d6 3. Bb5+ Nd7 4.
O-O Nf6 5. Re1 g6 6. c3 Bg7 7. d4 O-O 8. Nbd2 a6 9. Bf1 b5 10. a4 b4 11. e5 Nd5 12. e6 fxe6 13. Ng5 Nc7 14. Nxe6 Nxe6 15. Rxe6 Ne5 16. Rxe5 dxe5 17. dxc5 Kh8 18. cxb4 Rb8 19. b5 e4 20. Qe2 Bd4 21.
Nxe4 Bf5 22. Be3 Bxe4 23. Rd1 Bxe3 24. Rxd8 Bxf2+ 25. Qxf2 Rbxd8 26. Qe3 Rd1 27. Qe2 Rfxf1+ 28. Qxf1 Rxf1+ 29. Kxf1 axb5 30. a5 Kg8 0-1

[Event "*** Qualifier 2: Titled Tuesday 3|2 Blitz"]
[Site "Chess.com"]
[Date "2017.04.11"]
[Round "2"]
[White "nickmatta"]
[Black "Alexander_Moskalenko"]
[Result "0-1"]
[WhiteElo "2306"]
[BlackElo "2651"]
[TimeControl "180+2"]
[EndTime "13:19:09 PDT"]
[Termination "Alexander_Moskalenko won by resignation"]

1. d4 e6 2. c4 f5 3. g3 Nf6 4.
Bg2 d5 5. Nf3 Bd6 6. b3 c6 7.
O-O Qe7 8. a4 a5 9. Ba3 Bxa3 10.
Nxa3 Ne4 11. Nb1 O-O 12. Nfd2 b6 13. Nxe4 fxe4 14. f3 exf3 15. Bxf3 Ba6 16. cxd5 exd5 17. Nc3 Qe3+ 18. Kg2 Qxc3 19. Rc1 Qe3 20. Bg4 Rxf1 21. Qxf1 Qe4+ 22. Bf3 Qe6 23. Qd1 Nd7 24. Qc2 Bb7 25. e4 dxe4 26. Bxe4 Nf6 27. Re1 Nxe4 28. Rxe4 c5 0-1

[Event "*** Qualifier 2: Titled Tuesday 3|2 Blitz"]
[Site "Chess.com"]
[Date "2017.04.11"]
[Round "2"]
[White "GianmarcoVaR"]
[Black "Fandorine"]
[Result "0-1"]
[WhiteElo "2498"]
[BlackElo "2664"]
[TimeControl "180+2"]
[EndTime "13:19:12 PDT"]
[Termination "Fandorine won by resignation"]

1. d4 Nf6 2. c4 e6 3. g3 c5 4. d5 exd5 5. cxd5 d6 6. Bg2 g6 7. Nc3 Bg7 8. Nf3 O-O 9. O-O Re8 10.
Bf4 Bf5 11. Nh4 Bg4 12. Qd2 b5 13. h3 b4 14. hxg4 bxc3 15. bxc3 Nxg4 16. Rac1 Ne5 17. c4 Nbd7 18. Bg5 f6 19. Bh6 Bxh6 20. Qxh6 f5 21. e4 Ng4 22. Qf4 g5 23. Qxd6 gxh4 24. exf5 Nde5 25. Qa6 hxg3 26. fxg3 Qf6 27. Qxf6 Nxf6 28. Rc2 Rad8 29. Re1 Nf3+ 0-1

[Event "*** Qualifier 2: Titled Tuesday 3|2 Blitz"]
[Site "Chess.com"]
[Date "2017.04.11"]
[Round "2"]
[White "saraswathii"]
[Black "tihanaivekovic223"]
[Result "1-0"]
[WhiteElo "2176"]
[BlackElo "2022"]
[TimeControl "180+2"]
[EndTime "13:19:24 PDT"]
[Termination "saraswathii won by resignation"]

1. e4 c6 2. d3 d5 3. Nd2 e5 4. Ngf3 Bd6 5. g3 Ne7 6. Bg2 O-O 7. O-O f5 8. exf5 Bxf5 9. Re1 Nd7 10. Nf1 Qc7 11. Nh4 Kh8 12. Ne3 Bg6 13. Nxg6+ Nxg6 14. Qh5 Nf6 15. Qh3 Rae8 16. Nf5 Bc5 17. Be3 Qb6 18.
Bxc5 Qxc5 19. c3 Qb6 20. b4 a5 21. a3 a4 22. Rad1 Ne7 23. Nd6 Rd8 24. Qe6 Rxd6 25.
Qxd6 Ng4 26. Qxe7 Rxf2 27. Qc5 Qd8 28. Rf1 Rxg2+ 29. Kxg2 d4 30. Rf8+ 1-0

[Event "*** Qualifier 2: Titled Tuesday 3|2 Blitz"]
[Site "Chess.com"]
[Date "2017.04.11"]
[Round "2"]
[White "Bugcrusher"]
[Black "chessking2151"]
[Result "1-0"]
[WhiteElo "2395"]
[BlackElo "2342"]
[TimeControl "180+2"]
[EndTime "13:19:30 PDT"]
[Termination "Bugcrusher won by resignation"]

1. d4 Nf6 2. c4 c5 3. d5 b5 4. Nd2 bxc4 5. e4 e6 6. dxe6 fxe6 7. e5 Nd5 8. Nxc4 Nc6 9. Bd3 g6 10. Nf3 Be7 11. Bh6 Ba6 12. O-O Ndb4 13. Be2 Bxc4 14.
Bxc4 Na5 15. Be2 Qc7 16. a3 Nbc6 17. Qa4 Nb7 18. Rac1 Qa5 19. Qe4 O-O-O 20. b4 Qa4 21. Rfd1 cxb4 22. axb4 Qxb4 23. Nd4 Kb8 24. Rxc6 Nc5 25.
Rxc5 Bxc5 26. Rb1 1-0

[Event "*** Qualifier 2: Titled Tuesday 3|2 Blitz"]
[Site "Chess.com"]
[Date "2017.04.11"]
[Round "2"]
[White "dhanushbharadwaj"]
[Black "JoachimBN"]
[Result "0-1"]
[WhiteElo "2310"]
[BlackElo "2537"]
[TimeControl "180+2"]
[EndTime "13:19:41 PDT"]
[Termination "JoachimBN won by resignation"]

1. Nf3 b6 2. g3 Bb7 3. Bg2 g6 4.
O-O Bg7 5. d4 Nf6 6. c4 O-O 7.
Nc3 Ne4 8. Nxe4 Bxe4 9. Re1 d5 10.
cxd5 Qxd5 11. Bf4 Nc6 12. e3 h6 13. h4 Rac8 14. Rc1 Qxa2 15. Nd2 Bxg2 16. Kxg2 Nb4 17. Nc4 b5 18. Qd2 a5 19. Nxa5 c5 20. dxc5 Qxa5 21. Ra1 Rfd8 22. Rxa5 Rxd2 23. Rxb5 Nd3 24. e4 Nxe1+ 0-1

[Event "*** Qualifier 2: Titled Tuesday 3|2 Blitz"]
[Site "Chess.com"]
[Date "2017.04.11"]
[Round "2"]
[White "macko06"]
[Black "JaimeSantosLatasa"]
[Result "1-0"]
[WhiteElo "2338"]
[BlackElo "2524"]
[TimeControl "180+2"]
[EndTime "13:19:47 PDT"]
[Termination "macko06 won by resignation"]

1. d4 Nf6 2. Bf4 d5 3. e3 c5 4. c3 Nc6 5. Nd2 cxd4 6. exd4 Bf5 7. Ngf3 e6 8. Qb3 Bd6 9. Qxb7 Bxf4 10. Qxc6+ Kf8 11. Be2 h5 12. O-O h4 13. h3 g5 14.
Nb3 g4 15. hxg4 Bxg4 16. Rfe1 Ne4 17. Nfd2 Rc8 18. Qa6 Nxd2 19. Bxg4 Nxb3 20. axb3 Bb8 21. Bxe6 fxe6 22. Rxe6 Rh7 23. Rae1 h3 24. Rf6+ Kg8 25. Rg6+ Kf8 26. Qe6 Rf7 27. Qxh3 1-0

[Event "*** Qualifier 2: Titled Tuesday 3|2 Blitz"]
[Site "Chess.com"]
[Date "2017.04.11"]
[Round "2"]
[White "Buffy7"]
[Black "MyleneFarmer"]
[Result "1-0"]
[WhiteElo "2518"]
[BlackElo "2310"]
[TimeControl "180+2"]
[EndTime "13:20:01 PDT"]
[Termination "Buffy7 won on time"]

1. d4 Nf6 2. c4 c5 3. d5 b5 4.
cxb5 a6 5. e3 axb5 6. Bxb5 Qa5+ 7. Nc3 Bb7 8. e4 Nxe4 9. Ne2 g6 10. O-O Nxc3 11. Nxc3 Bg7 12. a4 O-O 13. Bg5 Re8 14. Re1 Qb4 15. Qc2 e6 16. Rad1 Na6 17. Bxd7 Nc7 18. Re4 Qb6 19. Bxe8 Rxe8 20. d6 Na6 21. d7 Rd8 22. Bxd8 Qxd8 23. Ree1 Nb4 24. Qe2 Bd4 25. Rxd4 cxd4 26. Qb5 dxc3 27. Qxb7 Nd5 28. Qc8 1-0

[Event "*** Qualifier 2: Titled Tuesday 3|2 Blitz"]
[Site "Chess.com"]
[Date "2017.04.11"]
[Round "2"]
[White "dcremisi"]
[Black "nonscitis"]
[Result "1-0"]
[WhiteElo "2278"]
[BlackElo "2367"]
[TimeControl "180+2"]
[EndTime "13:20:01 PDT"]
[Termination "dcremisi won by checkmate"]

1. d4 Nf6 2. Nf3 e6 3. c4 Bb4+ 4. Bd2 Qe7 5. g3 O-O 6. Bg2 b6 7. O-O Bxd2 8. Qxd2 Bb7 9. Nc3 c5 10. d5 exd5 11. Nh4 g6 12. cxd5 d6 13. e4 Nbd7 14. f4 b5 15. e5 Ne8 16. Nxb5 a6 17.
Nc3 dxe5 18. d6 Nxd6 19. fxe5 Nxe5 20. Bxb7 Nxb7 21. Nd5 Qd8 22. Nf6+ Kg7 23. Qg5 Qd4+ 24. Kg2 Kh8 25. Qh6 Qxb2+ 26. Rf2 Qxf2+ 27. Kxf2 Ng4+ 28. Nxg4 f6 29. Nxg6+ Kg8 30. Nf4 Kf7 31. Qxf6+ Kg8 32. Nh6# 1-0

[Event "*** Qualifier 2: Titled Tuesday 3|2 Blitz"]
[Site "Chess.com"]
[Date "2017.04.11"]
[Round "2"]
[White "ChristopherYoo"]
[Black "3f32"]
[Result "0-1"]
[WhiteElo "2266"]
[BlackElo "2391"]
[TimeControl "180+2"]
[EndTime "13:20:04 PDT"]
[Termination "3f32 won by checkmate"]

1. e4 e5 2. Nf3 Nc6 3. Bb5 a6 4. Ba4 Nf6 5. O-O Nxe4 6. d4 b5 7.
Bb3 d5 8. dxe5 Be6 9. c3 Bc5 10. Bc2 O-O 11. Be3 Bxe3 12. fxe3 Bg4 13. Nbd2 Nxe5 14.
Nxe4 Bxf3 15. gxf3 dxe4 16. Bxe4 Qg5+ 17. Kh1 Rad8 18. Qe2 f5 19. f4 Qh4 20. Bf3 Nc4 21. Rad1 Kh8 22. Rxd8 Rxd8 23. Rd1 Rxd1+ 24. Qxd1 Nxe3 25.
Qd4 Qe1# 0-1

[Event "*** Qualifier 2: Titled Tuesday 3|2 Blitz"]
[Site "Chess.com"]
[Date "2017.04.11"]
[Round "2"]
[White "oskariot"]
[Black "StarkAst"]
[Result "1-0"]
[WhiteElo "2399"]
[BlackElo "2337"]
[TimeControl "180+2"]
[EndTime "13:20:17 PDT"]
[Termination "oskariot won by resignation"]

1. c4 e6 2. Nf3 d5 3. g3 Nf6 4.
Bg2 dxc4 5. Qa4+ Nbd7 6. Qxc4 a6 7. a4 b5 8. Qc2 Bb7 9. O-O Be7 10. d3 O-O 11. Nc3 b4 12. Ne4 Nxe4 13. dxe4 e5 14.
Rd1 Bd6 15. Nd2 Qe7 16. a5 Nc5 17. b3 Ne6 18. e3 Rad8 19. Nc4 Nc5 20. Bd2 f5 21. exf5 Bxg2 22. Kxg2 e4 23. Bxb4 Rxf5 24. Bxc5 Bxc5 25. Rxd8+ Qxd8 26. Qxe4 Qf8 27. Rf1 h6 28. h4 Rf6 29. Qd5+ Kh8 30. Ne5 Bd6 31. Nd7 Qf7 32. Nxf6 Qxf6 33. Rd1 Qb2 34. Qa8+ Kh7 35. Qxa6 Qxb3 36. Qd3+ 1-0

[Event "*** Qualifier 2: Titled Tuesday 3|2 Blitz"]
[Site "Chess.com"]
[Date "2017.04.11"]
[Round "2"]
[White "Aygehovit1992"]
[Black "platy3"]
[Result "0-1"]
[WhiteElo "2437"]
[BlackElo "2653"]
[TimeControl "180+2"]
[EndTime "13:20:30 PDT"]
[Termination "platy3 won by resignation"]

1. e4 c5 2. Nf3 d6 3. d4 cxd4 4.
Nxd4 Nf6 5. Nc3 a6 6. h3 e5 7. Nde2 h5 8. Ng1 b5 9. Nf3 Bb7 10.
Bg5 Nbd7 11. Bd3 Nc5 12. O-O Be7 13. Bxf6 Bxf6 14. Nd5 Bxd5 15. exd5 O-O 16. Re1 g6 17. Nd2 Bg7 18. b4 Na4 19. Qf3 f5 20. Qg3 Kh7 21. Nf3 Bh6 22. h4 Bf4 23. Qh3 Rc8 24. g3 Bh6 25.
Nh2 Qb6 26. Nf1 e4 27. Be2 Rxc2 28. Qg2 Nc3 29. Bd1 Nxd1 30. Rexd1 e3 31. Kh1 Rxf2 32. Qh3 e2 0-1

[Event "*** Qualifier 2: Titled Tuesday 3|2 Blitz"]
[Site "Chess.com"]
[Date "2017.04.11"]
[Round "2"]
[White "Maitreia"]
[Black "OparinGrigoriy"]
[Result "0-1"]
[WhiteElo "2506"]
[BlackElo "2632"]
[TimeControl "180+2"]
[EndTime "13:20:43 PDT"]
[Termination "OparinGrigoriy won by resignation"]

1. c4 e6 2. g3 d5 3. Nf3 Nf6 4.
Bg2 dxc4 5. Qa4+ Bd7 6. Qxc4 c5 7. a4 Nc6 8. O-O Bd6 9. Na3 Qe7 10. d3 O-O 11. Qb3 Nb4 12. Nc4 Bc7 13. Bd2 Nfd5 14. Bc3 Rfd8 15. a5 Rab8 16. Rfd1 Bb5 17. e4 Nf6 18. Bxb4 cxb4 19. e5 Nd5 20. h4 h6 21. Nd4 Ba6 22. Nc2 Qc5 23. Rac1 Bxa5 24. Nxa5 Qxa5 25. Bxd5 Rxd5 26. Qxb4 Rxe5 27. d4 Rb5 28.
Qxa5 Rxa5 29. Nb4 Be2 30. Rd2 Bf3 31. Rd3 Rb5 32. Rxf3 Rxb4 33. Rc7 Rf8 34. b3 a5 35. Kf1 g6 36. Ke2 Kg7 37. Kd2 Rxd4+ 38. Kc3 Rb4 39.
Rd3 b6 40. Rdd7 Rb5 41. g4 h5 42. f3 hxg4 43. fxg4 Rb4 44. Rc4 Rxc4+ 45. Kxc4 Rh8 46. h5 gxh5 47. gxh5 Rxh5 0-1

[Event "*** Qualifier 2: Titled Tuesday 3|2 Blitz"]
[Site "Chess.com"]
[Date "2017.04.11"]
[Round "2"]
[White "XiaoKangZhong"]
[Black "woodhy"]
[Result "0-1"]
[WhiteElo "1926"]
[BlackElo "1969"]
[TimeControl "180+2"]
[EndTime "13:20:45 PDT"]
[Termination "woodhy won by resignation"]

1. e4 e6 2. d4 d5 3. Nd2 c5 4. exd5 exd5 5. Ngf3 Nc6 6. c3 cxd4 7. cxd4 Bd6 8. Bd3 Nge7 9. O-O O-O 10. Re1 Bf5 11. Bxf5 Nxf5 12. Nb3 a5 13. a4 Qb6 14. Be3 Rfe8 15.
Rb1 Bb4 16. Re2 Re7 17. Rc1 Rae8 18. Qd3 Bd6 19. Nc5 Qb4 20. Qxf5 Bxc5 21. dxc5 d4 22.
Rce1 dxe3 23. Rxe3 Rxe3 24. Rxe3 Rd8 25. Qc2 h6 26. h3 Qf4 27. Qb3 Nb4 28. g3 Qf5 29.
Kg2 Qxc5 30. Rc3 Qd6 31. Qc4 Nd5 32. Rd3 Nf4+ 33. gxf4 Qxd3 34. Qc7 Qd7 35. Qxa5 Re8 36. Qb4 Qc6 37. b3 Re4 38. Qd2 Qc7 39. Ne5 Qc8 40.
Kf3 Qf5 41. Qd5 Qxf4+ 42. Kg2 Rxe5 43. Qd8+ Kh7 0-1

[Event "*** Qualifier 2: Titled Tuesday 3|2 Blitz"]
[Site "Chess.com"]
[Date "2017.04.11"]
[Round "2"]
[White "DiogenesSinopeus"]
[Black "rubhani"]
[Result "1-0"]
[WhiteElo "2274"]
[BlackElo "2380"]
[TimeControl "180+2"]
[EndTime "13:20:53 PDT"]
[Termination "DiogenesSinopeus won by resignation"]

1. d4 Nf6 2. c4 e6 3. Nc3 Bb4 4.
e3 O-O 5. Bd3 d5 6. a3 Bxc3+ 7.
bxc3 c5 8. cxd5 exd5 9. Ne2 Nc6 10. O-O b6 11. f3 a5 12. Ng3 Ba6 13. Bxa6 Rxa6 14. Qd3 Ra8 15. Bb2 a4 16. e4 Na5 17.
Rae1 Nc4 18. Bc1 cxd4 19. cxd4 Ra5 20. e5 Nd7 21. f4 Rb5 22. f5 Rb3 23. Qd1 Re8 24.
f6 b5 25. Nf5 g6 26. Qg4 h5 27. Qg5 Nf8 28. Nh6+ Kh7 29. Nxf7 Ne6 30. Qh6+ 1-0

[Event "*** Qualifier 2: Titled Tuesday 3|2 Blitz"]
[Site "Chess.com"]
[Date "2017.04.11"]
[Round "2"]
[White "ViIIagra"]
[Black "FairChess_on_YouTube"]
[Result "0-1"]
[WhiteElo "2490"]
[BlackElo "2720"]
[TimeControl "180+2"]
[EndTime "13:20:54 PDT"]
[Termination "FairChess_on_YouTube won by resignation"]

1. e4 c6 2. d4 d5 3. e5 Bf5 4. h4 h5 5. Nf3 e6 6. Bd3 Bg4 7. c3 c5 8. Be3 Nc6 9. Nbd2 cxd4 10.
cxd4 Bb4 11. Be2 Nge7 12. a3 Ba5 13. b4 Bb6 14. Nb3 Nf5 15. Qd2 a5 16. b5 a4 17.
bxc6 axb3 18. Qb2 bxc6 19. Qxb3 Bxf3 20. Bxf3 Bxd4 21. Bxd4 Nxd4 22. Qc3 Qa5 23. Qxa5 Rxa5 24. Bd1 O-O 25. Rh3 Rb8 26. Kf1 g6 27. g4 hxg4 28.
Bxg4 Ra4 29. Bd1 Ra7 30. h5 Kg7 31. hxg6 fxg6 32. a4 c5 33. Rg3 Nf5 34. Rga3 c4 35.
a5 Ra6 36. Bg4 Nd4 37. Rd1 Nb3 38. Ke1 c3 39. Ra2 Rxa5 40. Rxa5 Nxa5 0-1

[Event "*** Qualifier 2: Titled Tuesday 3|2 Blitz"]
[Site "Chess.com"]
[Date "2017.04.11"]
[Round "2"]
[White "Zhani-Z"]
[Black "gmcorrales"]
[Result "0-1"]
[WhiteElo "2418"]
[BlackElo "2616"]
[TimeControl "180+2"]
[EndTime "13:20:55 PDT"]
[Termination "gmcorrales won on time"]

1. e4 c5 2. Nf3 Nc6 3. d4 cxd4 4.
Nxd4 Nf6 5. Nc3 e5 6. Ndb5 d6 7. Bg5 a6 8. Na3 b5 9. Nd5 Be7 10. Bxf6 Bxf6 11. c4 b4 12. Nc2 a5 13. Qf3 Bg5 14. h4 Be7 15. Rd1 O-O 16. c5 Be6 17.
Nxe7+ Qxe7 18. Rxd6 Rfc8 19. b3 a4 20. Bb5 axb3 21.
axb3 Nd4 22. Nxd4 Ra1+ 23. Ke2 Ra2+ 24. Kd3 exd4 25. Rc1 Rb2 26. Kxd4 Rxb3 27. Qf4 Qa7 28. h5 Qa3 29. h6 Qb2+ 0-1

[Event "*** Qualifier 2: Titled Tuesday 3|2 Blitz"]
[Site "Chess.com"]
[Date "2017.04.11"]
[Round "2"]
[White "Aragon"]
[Black "feigelag"]
[Result "0-1"]
[WhiteElo "2129"]
[BlackElo "2154"]
[TimeControl "180+2"]
[EndTime "13:20:59 PDT"]
[Termination "feigelag won by resignation"]

1. e4 c5 2. Nf3 d6 3. Bb5+ Nd7 4.
d4 cxd4 5. Qxd4 a6 6. Bxd7+ Bxd7 7. O-O e5 8. Qd3 h6 9. c4 Nf6 10. Nc3 Be7 11. Rd1 O-O 12. b3 b5 13. Ba3 bxc4 14. bxc4 Qa5 15. Nd5 Nxd5 16. exd5 Rfe8 17. Rab1 e4 18.
Bb4 Qxb4 19. Rxb4 exd3 20. Rxd3 Bf6 21. h3 Rab8 22. a3 a5 23. Rxb8 Rxb8 24. Nd4 Rb1+ 25. Kh2 Bxd4 26. Rxd4 Rb3 27. c5 dxc5 28. Rc4 Rxa3 29.
Rxc5 Kf8 30. f3 Ke7 31. Rc7 Kd6 32. Ra7 a4 33. Kg3 Rd3 34. h4 Rxd5 35. Ra8 Bc6 36. Ra7 Kc5 37. Rxf7 Rd7 38. Rf5+ Bd5 39. Rf4 Ra7 40.
Rg4 a3 41. Rxg7 Rxg7+ 0-1

[Event "*** Qualifier 2: Titled Tuesday 3|2 Blitz"]
[Site "Chess.com"]
[Date "2017.04.11"]
[Round "2"]
[White "silverback96"]
[Black "wonderfultime"]
[Result "0-1"]
[WhiteElo "2069"]
[BlackElo "2683"]
[TimeControl "180+2"]
[EndTime "13:20:59 PDT"]
[Termination "wonderfultime won on time"]

1. d4 d5 2. c4 c6 3. Nf3 Nf6 4.
Nc3 dxc4 5. a4 Bf5 6. Ne5 Nbd7 7. Nxc4 Nb6 8. Ne5 a5 9. g3 e6 10. Bg2 Nfd7 11. Nxd7 Nxd7 12. e4 Bg6 13. O-O Be7 14. d5 Nc5 15. dxe6 fxe6 16. Qg4 O-O 17. Be3 Bf7 18.
e5 Kh8 19. Bxc5 Bxc5 20. Ne4 Qd4 21. Rad1 Qxe5 22. Kh1 Bh5 23. Qh4 Bxd1 24. Rxd1 Bxf2 25. Ng5 h6 26. Nh3 Be3 27. Be4 Rf6 28. Qg4 Raf8 29. Ng1 Bxg1 30. Kxg1 Qxb2 31. Kh1 Qb4 32. Qe2 Rf2 33.
Qe3 Qb2 0-1

[Event "*** Qualifier 2: Titled Tuesday 3|2 Blitz"]
[Site "Chess.com"]
[Date "2017.04.11"]
[Round "2"]
[White "hsskoo"]
[Black "aa175"]
[Result "1-0"]
[WhiteElo "1987"]
[BlackElo "1856"]
[TimeControl "180+2"]
[EndTime "13:20:59 PDT"]
[Termination "hsskoo won on time"]

1. d4 d5 2. c4 dxc4 3. g3 Nf6 4.
Bg2 Bf5 5. Na3 c6 6. Nxc4 e6 7. Nf3 Nbd7 8. O-O Nb6 9. Nce5 h6 10.
a4 Bb4 11. a5 Nbd5 12. a6 b6 13. Nxc6 Qc7 14. Qa4 b5 15. Qxb5 Nd7 16. Nxb4 Rb8 17. Nxd5 Qd6 18. Bf4 e5 19. Bxe5 Rxb5 20. Bxd6 Rxd5 21. Ba3 Ra5 22. Ne5 Nxe5 23. dxe5 Rxe5 24.
Rad1 1-0

[Event "*** Qualifier 2: Titled Tuesday 3|2 Blitz"]
[Site "Chess.com"]
[Date "2017.04.11"]
[Round "2"]
[White "jcibarra"]
[Black "GMMelik"]
[Result "1-0"]
[WhiteElo "2656"]
[BlackElo "2499"]
[TimeControl "180+2"]
[EndTime "13:21:01 PDT"]
[Termination "jcibarra won by checkmate"]

1. e4 e5 2. Nf3 Nc6 3. Bb5 f5 4.
Nc3 fxe4 5. Nxe4 Nf6 6. Bxc6 dxc6 7. Qe2 Bg4 8. h3 Bh5 9. d3 Bb4+ 10. Bd2 Bxf3 11.
Qxf3 Bxd2+ 12. Nxd2 Qd4 13. O-O-O O-O 14. Nb3 Qa4 15.
Kb1 Nd5 16. Qe4 Qxe4 17. dxe4 Nf4 18. Rhg1 Rad8 19. Rxd8 Rxd8 20. h4 b6 21. g3 Nh3 22.
Rf1 Rf8 23. f3 g5 24. hxg5 Nxg5 25. Nd2 Kg7 26. c3 c5 27. Kc2 b5 28. Kd3 c4+ 29.
Ke3 Rd8 30. Ke2 a6 31. a4 c6 32. Ra1 Rd6 33. f4 exf4 34. gxf4 Ne6 35. Rf1 Nc5 36. f5 Kf6 37. axb5 cxb5 38. Rh1 Rd7 39. Rh4 Ke5 40.
Nf3+ Kf6 41. Ke3 Rd3+ 42. Kf4 Rd1 43. Rxh7 Nd3+ 44. Ke3 Nxb2 45. Rh6+ Kg7 46. Rg6+ Kf8 47. Rxa6 Rd3+ 48. Kf4 Rxc3 49. Ra8+ Ke7 50. Ra7+ Ke8 51. f6 Nd3+ 52. Kf5 Nc5 53. Ne5 Rg3 54. Ra8# 1-0

[Event "*** Qualifier 2: Titled Tuesday 3|2 Blitz"]
[Site "Chess.com"]
[Date "2017.04.11"]
[Round "2"]
[White "igorkovalenko"]
[Black "afgano29"]
[Result "1-0"]
[WhiteElo "2655"]
[BlackElo "2377"]
[TimeControl "180+2"]
[EndTime "13:21:01 PDT"]
[Termination "igorkovalenko won by resignation"]

1. c4 Nf6 2. Nc3 d5 3. cxd5 Nxd5 4. Nf3 g6 5. e4 Nxc3 6. dxc3 Qxd1+ 7. Kxd1 f6 8. Kc2 e5 9. Be3 Nd7 10. Rd1 Bd6 11.
Bc4 Nc5 12. Nd2 Ke7 13. b4 Nd7 14. h4 a5 15. a3 h5 16. f3 Nb6 17. Bxb6 cxb6 18.
Bd5 axb4 19. axb4 b5 20. Ra1 Ra6 21. Nb3 g5 22. Ra5 g4 23. Kd3 Rxa5 24. Nxa5 Bc7 25. Nxb7 gxf3 26. gxf3 Bxb7 27. Bxb7 Rg8 28. Bc6 Rg3 29.
Rf1 Rh3 30. Bxb5 Rxh4 31. Ba6 Rh2 32. Bc8 Bb6 33. Bf5 h4 34. Bg4 Kd6 35. Kc4 Be3 36. Ra1 Rf2 37. Rh1 Bg5 38. Kb5 Rb2 39. Ra1 Bd2 40.
Ra7 1-0

[Event "*** Qualifier 2: Titled Tuesday 3|2 Blitz"]
[Site "Chess.com"]
[Date "2017.04.11"]
[Round "2"]
[White "PowerThinking2650"]
[Black "luisgui16"]
[Result "1-0"]
[WhiteElo "2227"]
[BlackElo "2105"]
[TimeControl "180+2"]
[EndTime "13:21:01 PDT"]
[Termination "PowerThinking2650 won by resignation"]

1. e4 g6 2. d4 Bg7 3. Nc3 d6 4. f4 Nc6 5. Be3 e5 6. dxe5 dxe5 7.
Qxd8+ Kxd8 8. O-O-O+ Bd7 9. Bb5 Nge7 10. Nf3 a6 11. Bc4 Rf8 12. Ng5 Ke8 13. Nxh7 Rh8 14. Ng5 f6 15. Ne6 Bxe6 16. Bxe6 Bh6 17. g3 Nd8 18. Bb3 Nf7 19. Rd3 Nd6 20. Rhd1 b5 21. h4 exf4 22. gxf4 b4 23. Nd5 Nxd5 24. Bxd5 Rd8 25. e5 fxe5 26. fxe5 Bxe3+ 27. Rxe3 Nf5 28. Re4 Ke7 29. Bb7 Rxd1+ 30. Kxd1 a5 31. Kd2 Rxh4 32. Rxh4 Nxh4 33. Ke3 Ke6 34. Ke4 Nf5 35. Bc8+ Ke7 36. Bxf5 1-0

[Event "*** Qualifier 2: Titled Tuesday 3|2 Blitz"]
[Site "Chess.com"]
[Date "2017.04.11"]
[Round "2"]
[White "Goala"]
[Black "hansen"]
[Result "0-1"]
[WhiteElo "2304"]
[BlackElo "2670"]
[TimeControl "180+2"]
[EndTime "13:21:04 PDT"]
[Termination "hansen won by resignation"]

1. d4 Nf6 2. c4 e6 3. Nf3 b6 4. g3 c6 5. Bg2 Bb4+ 6. Bd2 Be7 7.
O-O d5 8. Nc3 O-O 9. Qb3 Ba6 10.
cxd5 cxd5 11. Bf4 Nc6 12. Qa4 Bb7 13. Rac1 a6 14. Rfd1 b5 15. Qc2 Qb6 16. h3 Rac8 17. Qb1 Rfd8 18. g4 h6 19. Be3 Na5 20. b3 Nc6 21.
Kh1 Ba3 22. g5 hxg5 23. Bxg5 Bxc1 24. Qxc1 Ne7 25. Bxf6 gxf6 26. Qe3 Nf5 27. Qd3 Qc7 28. e4 Qxc3 29. exf5 Qxd3 30. Rxd3 b4 31. Re3 Rd6 32. Ne1 Rc3 33. Nd3 a5 34. Kh2 Ba6 35. Bf1 Bxd3 36. Bxd3 Kf8 37. a3 bxa3 38. fxe6 Rxe6 0-1

[Event "*** Qualifier 2: Titled Tuesday 3|2 Blitz"]
[Site "Chess.com"]
[Date "2017.04.11"]
[Round "2"]
[White "DanielNaroditsky"]
[Black "Blitzstream"]
[Result "1-0"]
[WhiteElo "2785"]
[BlackElo "2484"]
[TimeControl "180+2"]
[EndTime "13:21:10 PDT"]
[Termination "DanielNaroditsky won by resignation"]

1. e4 d5 2. exd5 Qxd5 3. Nc3 Qa5 4. Bc4 Nf6 5. d3 c6 6. Ne2 Bf5 7. O-O e6 8. Re1 Bd6 9. Nd4 Bg4 10. f3 Qh5 11. g3 Bc5 12. fxg4 Nxg4 13. h4 Bxd4+ 14. Kg2 Qf5 15. Rf1 Qg6 16. Ne4 O-O 17. c3 Be3 18. Qe2 Bxc1 19. Raxc1 Nd7 20. d4 Ndf6 21. Bd3 Nxe4 22.
Bxe4 f5 23. Bd3 Rae8 24. Rce1 e5 25. dxe5 Rxe5 26. Qf3 Rfe8 27. Bxf5 Rxe1 28. Rxe1 Ne3+ 29. Rxe3 Rxe3 30. Bxg6 Rxf3 31. Bxh7+ Kxh7 32. Kxf3 Kg6 33. g4 Kf6 34. Kf4 c5 35. c4 a6 36. a4 b6 37.
b3 a5 38. g5+ Kg6 39. Kg4 Kh7 40. h5 Kh8 41. Kf5 Kg8 42. Ke6 Kh7 43. Kf7 Kh8 44. g6 b5 45. h6 1-0